AoeStats
← OGStragglerTree

Arena

508328171Analyzed
1v1 RM · 9d ago on Sep 21, 2026· 19m 51s· 2 players
Game mode
Random Map
Map size
Tiny (2 player)
Population
200
Speed
Normal
Resources
Standard
Victory
Conquest
Starting age
Dark Age
Ending age
Imperial Age
RankedLock teamsTeams togetherTeam positionsShared explorationLock speedFull tech treeHidden civsTurbo modeCheats
Victory
Defeat
🇺🇸 Ethiopians · United States
1607
+13
🇺🇸 Mapuche · United States
1549
-13
srahf
11:20 Feudal Age
12:08 Horse Collar
12:16 Double-Bit Axe
14:52 Castle Age
15:40 Heavy Plow
16:31 Bow Saw
OGStragglerTree
9:49 Feudal Age
11:23 Double-Bit Axe
13:40 Castle Age
14:41 Bow Saw
14:14 Horse Collar
17:56 Loom
19:27 Scale Mail Armor
Connection lost

Rejoining the realm…

Still unreachable

The connection could not be restored.

Session expired

The server has moved on; the page needs a fresh start.